Description

Build protoss

Build Order

Get SALT Encoding   

  1  0:00  Probe x2 (Chrono Boost)  
  14  0:18  Pylon  
  14  0:23  Probe (Chrono Boost)  
  15  0:36  Gateway  
  15  0:38  Probe (Chrono Boost)  
  16  0:43  Assimilator  
  17  0:50  Probe (Chrono Boost)  
  17  0:52  Assimilator  
  17  0:59  Probe (Chrono Boost)  
  18  1:04  Gateway  
  18  1:05  Probe (Chrono Boost)  
  19  1:16  Probe (Chrono Boost)  
  20  1:24  Cybernetics Core  
  20  1:28  Probe (Chrono Boost)  
  21  1:33  Pylon  
  22  1:40  Probe (Chrono Boost)  
  22  1:51  Warp Gate  
  23  2:00  Adept x2  
  27  2:27  Stalker x2  
  31  2:38  Nexus  
  31  2:44  Pylon  
  31  2:58  Robotics Facility  
  31  3:05  Sentry  
  36  3:13  Sentry  
  35  3:24  Twilight Council  
  36  3:32  Pylon  
  37  3:47  Shield Battery  
  35  3:50  Observer  
  35  3:55  Shield Battery  
  38  4:03  Blink  
  40  4:15  Immortal  
  48  4:33  Pylon  
  51  4:46  Forge  
  51  4:51  Assimilator  
  53  5:05  Immortal  
  60  5:19  Assimilator, Protoss Ground Weapons Level 1  
  63  5:29  Gateway x2  
  63  5:35  Gateway x2  
  63  5:47  Immortal  
  67  5:53  Gateway x2  
  67  5:58  Resonating Glaives  
  67  6:15  Templar Archives  
  67  6:21  Warp Prism  
  67  6:22  Nexus  
  69  6:46  Adept x3  
  75  6:53  High Templar x4  
  81  6:58  Archon x2  
  83  7:05  Shield Battery  
  85  7:19  Adept x4  
  93  7:31  Shield Battery  
  93  7:32  High Templar x2  
  93  7:36  Archon  
  97  7:37  Adept  
  105  8:05  Shield Battery x2, Sentry  
  107  8:23  Stalker  
  85  8:40  Immortal  
  81  8:56  Stalker x2  
  83  9:04  Stalker x2  
  91  9:31  Sentry  
  91  9:32  Stalker x3  
Spawning Tool Build Advisor. Get it on Overwolf

Go to:

Details

  • Created by: Kleristas
  • Published on: Nov 24, 2017
  • Modified on: Nov 24, 2017
  • Patch: 4.0.0
Show
View Real Time Build Order
Export as new Build Order

Comments (0)

There are no comments. Be the first!

Create an account to comment!